 Dungeon Sprint DCSS version 0.30.1-3-gfc49f6343a (webtiles) character file.

Game seed: 7072152699797987237

338 boopmooplesden the Carver (level 6, -12/99 HPs)
             Began as a Minotaur Berserker on July 28, 2023.
             Was an Elder of Trog.
             Killed from afar by an acid dragon (28 damage)
             ... with a splash of acid
             ... in the Dungeon (Sprint IX: "|||||||||||||||||||||||||||||").
             The game lasted 00:00:46 (121 turns).

boopmooplesden the Carver (Minotaur Berserker)       Turns: 121, Time: 00:00:47

Health: -12/99     AC: 13    Str: 23    XL:     6   Next: 29%
Magic:  5/5        EV: 12    Int:  4    God:    Trog [****..]
Gold:   0          SH:  0    Dex: 13    Spells: 5/5 levels left

rFire   . . .        k - +2 scimitar (flame)
rCold   . . .        (no shield)
rNeg    . . .        n - +1 chain mail
rPois   .            (helmet restricted)
rElec   .            m - +0 cloak
rCorr   .            l - +0 pair of gloves
SInv    .            (no boots)
Will    .....        (no amulet) Stlth
                     o - +2 ring of evasion
HPRegen 0.36/turn    p - +3 ring of dexterity
MPRegen 0.09/turn

%: no teleportation
@: berserking, very quick
A: horns 2, retaliatory headbutt
a: Renounce Religion, Berserk, Trog's Hand, Brothers in Arms


You were in the Dungeon.
You worshipped Trog.
Trog was greatly pleased with you.
You visited 1 branch

Inventory:

Hand Weapons
 a - a +0 falchion
 k - a +2 scimitar of flaming (weapon)
Armour
 b - a +0 animal skin
 l - a +0 pair of gloves (worn)
 m - a +0 cloak (worn)
 n - a +1 chain mail (worn)
Jewellery
 o - a +2 ring of evasion (left hand)
 p - a +3 ring of dexterity (right hand)
Wands
 j - a wand of roots (10)
Scrolls
 h - 2 scrolls of blinking
Potions
 c - 5 potions of curing
 d - 3 potions of heal wounds
 e - a potion of haste
 f - 4 potions of magic
 g - a potion of berserk rage
 i - a potion of invisibility


   Skills:
 + Level 10.1 Fighting
 + Level 11.3 Long Blades
 + Level 5.5 Armour
 + Level 5.2 Dodging


You had 5 spell levels left.
You didn't know any spells.
Your spell library was empty.

Dungeon Overview and Level Annotations

Branches:
Dungeon (1/1)

Altars:
Cheibriados
Dithmenos
Elyvilon
Fedhas
Gozag
Hepliaklqana
Kikubaaqudgha
Makhleb
Nemelex Xobeh
Okawaru
Qazlal
Ru
Sif Muna
Trog
Uskayaw
Vehumet
Wu Jian
Xom
Yredelemnul
Zin
The Shining One
Jiyva
Lugonu


Innate Abilities, Weirdness & Mutations

You have a pair of horns on your head.
You reflexively headbutt those who attack you in melee.


Message History

You closely miss something. You slash something! You burn something.
The shadow strikes at you from the darkness!
Reactivating autopickup.
You hit the shadow. You burn the shadow.
The shadow is almost destroyed.
You closely miss the shadow.
The shadow is almost destroyed.
The shadow hits you.
You closely miss the shadow.
The shadow is almost destroyed.
The shadow hits you.
You barely miss the shadow.
The shadow is almost destroyed.
You slash the shadow! You burn the shadow.
You destroy the shadow!
Trog accepts your kill.
Your Fighting skill gained 2 levels and is now at level 10!
Your Long Blades skill gained 2 levels and is now at level 11!
Your Armour skill increases to level 5!
Your Dodging skill increases to level 5!
You have reached level 6!
You barely miss the two-headed ogre.
The two-headed ogre hits you with a +0 giant club!! x2
You slice the two-headed ogre!! You burn the two-headed ogre.
The two-headed ogre is heavily wounded.
You hit the two-headed ogre. You burn the two-headed ogre.
The two-headed ogre is severely wounded.
You slash the two-headed ogre! You burn the two-headed ogre.
The two-headed ogre is almost dead.
The two-headed ogre hits you with a +0 giant club!
* * * LOW HITPOINT WARNING * * *
The two-headed ogre hits you with a +0 giant club.
* * * LOW HITPOINT WARNING * * *
You slice the two-headed ogre!! You burn the two-headed ogre.
You kill the two-headed ogre!
Trog accepts your kill.
You can now call in reinforcements.
The acid dragon spits acid at you. The splash of acid hits you!!
You die...

▓.▓
▓.▓
▓y▓
▓y▓
▓K▓
▓D▓
▓)▓
▓@▓
▓.▓
▓.▓
▓.▓
▓.▓
▓.▓
▓)▓
▓?▓
▓.▓


You could see an acid dragon (catching breath), a vampire mosquito, a kobold
brigand and a killer bee.

Vanquished Creatures
  A two-headed ogre (D)
  A shadow (D)
  A centaur (D)
  An orc priest (D)
  A hound (D)
  An iguana (D)
  A shadow imp (D)
  A ball python (D)
  2 hobgoblins (D)
  A quokka (D)
  A kobold (D)
12 creatures vanquished.

Notes
Turn   | Place    | Note
-------+----------+-------------------------------------------
     0 | D        | boopmooplesden the Minotaur Berserker began the quest for
                  | the Orb.
     0 | D        | Reached XP level 1. HP: 19/19 MP: 0/0
     5 | D        | Reached skill level 4 in Long Blades
    10 | D        | Reached ** piety under Trog
    19 | D        | Noticed a centaur
    19 | D        | Noticed a hound
    19 | D        | Noticed an orc priest
    19 | D        | Noticed an iguana
    22 | D        | Reached skill level 5 in Fighting
    22 | D        | Reached skill level 5 in Long Blades
    22 | D        | Reached XP level 2. HP: 29/29 MP: 1/1
    22 | D        | Reached *** piety under Trog
    23 | D        | Reached skill level 6 in Long Blades
    23 | D        | Reached XP level 3. HP: 37/37 MP: 2/2
    26 | D        | Reached skill level 7 in Long Blades
    26 | D        | Reached XP level 4. HP: 45/45 MP: 3/3
    32 | D        | Killed a centaur
    33 | D        | Reached skill level 9 in Long Blades
    33 | D        | Reached XP level 5. HP: 56/56 MP: 4/4
    38 | D        | Found a snail-covered altar of Cheibriados.
    38 | D        | Found a shadowy altar of Dithmenos.
    38 | D        | Found a white marble altar of Elyvilon.
    38 | D        | Found a blossoming altar of Fedhas.
    38 | D        | Found an opulent altar of Gozag.
    39 | D        | Found a hazy altar of Hepliaklqana.
    40 | D        | Found a viscous altar of Jiyva.
    41 | D        | Found an ancient bone altar of Kikubaaqudgha.
    42 | D        | Found a corrupted altar of Lugonu.
    43 | D        | Found a burning altar of Makhleb.
    44 | D        | Found a sparkling altar of Nemelex Xobeh.
    45 | D        | Found an iron altar of Okawaru.
    46 | D        | Found a stormy altar of Qazlal.
    47 | D        | Found a sacrificial altar of Ru.
    48 | D        | Found a shimmering blue altar of Sif Muna.
    49 | D        | Found a bloodstained altar of Trog.
    50 | D        | Found a hide-covered altar of Uskayaw.
    51 | D        | Found a radiant altar of Vehumet.
    52 | D        | Found an ornate altar of the Wu Jian Council.
    53 | D        | Found a shimmering altar of Xom.
    54 | D        | Found a basalt altar of Yredelemnul.
    55 | D        | Found a glowing silver altar of Zin.
    56 | D        | Found a glowing golden altar of the Shining One.
   107 | D        | Noticed a vampire mosquito
   107 | D        | Noticed an acid dragon
   107 | D        | Noticed a two-headed ogre
   107 | D        | Noticed a shadow
   116 | D        | Killed a shadow
   117 | D        | Reached skill level 10 in Fighting
   117 | D        | Reached skill level 11 in Long Blades
   117 | D        | Reached skill level 5 in Armour
   117 | D        | Reached skill level 5 in Dodging
   117 | D        | Reached XP level 6. HP: 66/66 MP: 5/5
   121 | D        | Killed a two-headed ogre
   121 | D        | Reached **** piety under Trog
   121 | D        | Killed from afar by an acid dragon

Illustrated notes

Levels and vault maps discovered:
D:        linesprint [early_d, line_temple, items_1, d_10, items_2, lair_1,
          lair_end, items_3, orc_1, orc_end, items_4, d_15, swamp_1, shoals_1,
          snake_1, spider_1, d_20, vaults_1, items_5, swamp_end, shoals_end,
          snake_end, spider_end, vaults_end, d_27, items_6, zot_1, zot_end,
          crypt_end, forest_end, elf_end, slime_end, tomb_end, abyss_end,
          pan_hell_end]

Skill      XL: |  1  2  3  4  5 |
---------------+----------------+-----
Fighting       | 5 6 8 10 | 10.1
Long Blades    | 5 6 7 9 11 | 11.3
Armour         | 3 4 5 |  5.5
Dodging        | 3 4 5 |  5.2

Action                     |  1- 3 |  4- 6 || total
---------------------------+-------+-------++-------
  Melee: Falchion          |    13 |     7 ||    20
         Headbutt          |     3 |     2 ||     5
         Scimitar          |       |    13 ||    13
 Invoke: Berserk           |     1 |     1 ||     2
 Armour: Animal skin       |     1 |       ||     1
         Chain mail        |       |     1 ||     1
  Dodge: Dodged            |     6 |     5 ||    11
